 Dungeon Crawl Stone Soup version 0.13-b1-32-g21a608e (webtiles) character file.

451 OnBrokenWings the Chiller (level 6, -3/32 HPs)
             Began as a Deep Elf Ice Elementalist on Oct 6, 2013.
             Slain by Grinder (9 damage)
             ... on Level 4 of the Dungeon.
             The game lasted 00:34:12 (4528 turns).

OnBrokenWings the Chiller (DEIE)                    Turns: 4528, Time: 00:34:12

HP  -3/32        AC  2     Str  5      XL: 6   Next: 13%
MP  16/19        EV 14     Int 22      God:
Gold 151         SH  0     Dex 15      Spells:  3 memorised,  7 levels left

Res.Fire  : . . .   See Invis. : .   q - +1,+0 sling (flame)
Res.Cold  : . . .   Warding    : .   a - +0 elf robe
Life Prot.: . . .   Conserve   : .   (no shield)
Res.Poison: .       Res.Corr.  : .   (no helmet)
Res.Elec. : .       Clarity    : .   (no cloak)
Sust.Abil.: . .     Spirit.Shd : .   (no gloves)
Res.Mut.  : .       Stasis     : .   (no boots)
Res.Rott. : .       Flight     : .   (no amulet)
Saprovore : . . .                    (no ring)
                                     (no ring)

@: slightly resistant to hostile enchantments, stealthy
A: no striking features
a: no special abilities


You were on level 4 of the Dungeon.
You were not hungry.

You visited 1 branch of the dungeon, and saw 4 of its levels.

You collected 131 gold pieces.

Inventory:

Hand weapons
 q - a +1,+0 sling of flame (weapon)
Missiles
 s - 25 stones (quivered)
Armour
 a - a +0 elven robe (worn)
Comestibles
 c - 2 bread rations
 i - a chunk of worm flesh
 p - a choko
 t - a rotting chunk of rat flesh
Scrolls
 d - 4 scrolls of remove curse {unknown}
 f - 4 scrolls of identify {unknown}
 g - 2 scrolls of enchant weapon I {unknown}
 h - a scroll of enchant weapon II {unknown}
 m - a scroll of noise {unknown}
 o - a scroll of curse armour {unknown}
 u - a scroll of amnesia {unknown}
 v - a scroll of fog {unknown}
 w - a scroll of fear {unknown}
Potions
 e - a potion of slowing {unknown}
 k - a potion of might {unknown}
 l - a potion of brilliance {unknown}
Books
 b - a book of Frost

   Spells                             Type                      Level
   *Freeze                            Ice                          1
   *Throw Frost                       Conjuration/Ice              2
   *Ozocubu's Armour                  Charms/Ice                   3
   Throw Icicle                       Conjuration/Ice              4
   Summon Ice Beast                   Ice/Summoning                4
   Condensation Shield                Ice                          4
 n - a book of Maledictions

   Spells                             Type                      Level
   Corona                             Hexes                        1
   Sure Blade                         Hexes/Charms                 2
   Ensorcelled Hibernation            Hexes/Ice                    2
   Confuse                            Hexes                        3
   Enslavement                        Hexes                        4
   Invisibility                       Hexes                        6


   Skills:
 + Level 0.8 Slings
 + Level 3.7 Dodging
 + Level 3.6 Stealth
 * Level 4.2 Spellcasting
 + Level 2.1 Conjurations
 + Level 1.9 Charms
 * Level 4.7 Ice Magic


You had 7 spell levels left.
You knew the following spells:

 Your Spells              Type           Power        Failure   Level  Hunger
a - Freeze                Ice            ####         1%          1    None
b - Ozocubu's Armour      Chrm/Ice       ###.......   12%         3    ###....
c - Throw Frost           Conj/Ice       ###...       4%          2    #......


Dungeon Overview and Level Annotations

Branches:
Dungeon (4/27)
 Temple: D:4-7

Altars:

Annotations:
D:4 Grinder


Message History

Grinder is lightly wounded.
Grinder gestures at you. You resist. Grinder gestures at you. You resist.
Casting: Freeze
Confirm with . or Enter, or press ? or * to list all spells.
Aiming: Freeze
Press: ? - help, Shift-Dir - straight line, f/p - Grinder
Aim: Grinder carrying a wand of hasting {zapped: 1} (lightly wounded, moving very quickly)
You freeze Grinder.
Grinder resists.
Grinder is lightly wounded.
Grinder gestures at you. Pain shoots through your body!
Grinder gestures at you. Pain shoots through your body!
* * * LOW HITPOINT WARNING * * *
Drink which item? (? for menu, Esc to quit)
You feel better. Grinder hits you!
You die...

# #.# #!## ###.#####.#
#####%). .........##.#
#.....<#
#...#.##.##.###.####.#
###...#........##.####.#
#....................##.#
.......####.######.#.##)#
.......####.# #.#.##.#
.........@...# #......#
#)##.#((5?..# ###.####
#.(.#.......# #.###
#.###.(.....#####...## ..
#.......##.......# ...
#...(...##.####..# .
#....(..## ..# #.......
..# #...... .#


You could see Grinder.

Vanquished Creatures
  An ogre (D:3)
  2 orc wizards (D:3)
  A scorpion (D:4)
  Ijyb (D:2)
  4 adders
  A worm (D:4)
  2 giant geckos
  3 oozes
  7 orcs (D:3)
  4 giant cockroaches
  7 goblins
  8 hobgoblins
  10 jackals
  A ball python (D:1)
  4 bats
  5 giant newts
  8 kobolds
  8 rats
77 creatures vanquished.

Notes
Turn   | Place    | Note
--------------------------------------------------------------
     0 | D:1      | OnBrokenWings, the Deep Elf Ice Elementalist, began the quest for the Orb.
     0 | D:1      | Reached XP level 1. HP: 10/10 MP: 4/4
   417 | D:1      | Reached XP level 2. HP: 15/15 MP: 4/6
  1073 | D:1      | Reached XP level 3. HP: 19/19 MP: 5/9
  1115 | D:1      | Learned a level 3 spell: Ozocubu's Armour
  1118 | D:1      | Learned a level 2 spell: Throw Frost
  1300 | D:1      | Reached skill level 4 in Ice Magic
  1856 | D:2      | Noticed Ijyb
  2173 | D:2      | Reached skill level 1 in Charms
  2173 | D:2      | Reached XP level 4. HP: 15/24 MP: 9/13
  2680 | D:2      | Killed Ijyb
  3426 | D:3      | Reached XP level 5. HP: 23/28 MP: 9/16
  3520 | D:3      | Noticed an ogre
  3543 | D:3      | Killed an ogre
  4303 | D:4      | Reached XP level 6. HP: 28/32 MP: 16/19
  4351 | D:4      | Paralysed by a potion of paralysis for 4 turns
  4505 | D:4      | Noticed Grinder
  4527 | D:4      | HP: 1/32 [Grinder/nerve-wracking pain (10)]
  4528 | D:4      | Slain by Grinder

Action                   |  1- 3 |  4- 6 || total
-------------------------+-------+-------++-------
Melee: Unarmed           |     7 |     1 ||     8
 Fire: Sling             |       |    42 ||    42
Throw: Stone             |       |    10 ||    10
 Cast: Freeze            |    75 |    61 ||   136
       Throw Frost       |     2 |     6 ||     8
       Ozocubu's Armour  |     2 |     3 ||     5
  Use: Potion            |       |     5 ||     5
